Unix NetHack Version 3.7.0-50 Work-in-progress - last build Feb 16 2022 05:10:45. Game began 2022-02-16 23:00:57, ended 2022-02-17 14:40:13. Gandelf, neutral male human Monk ------------------ |.^^^^^^^^^..>.0.| |+-----------...0--- |.......|---|.-...=| |.......|...|...--.| |.......|...0....0.| |...<...|-0--0-....| |.......|...|.0..-.| |.......|.....0-.0.| |.......|.|00-@0.-.| ----------|.%..0...| |....|0--- -------- Gandelf the Initiate St:18/03 Dx:14 Co:10 In:14 Wi:12 Ch:7 Neutral S:2648 Dlvl:3 $:446 HP:45(45) Pw:43(43) AC:4 Xp:6/463 T:2563 Satiated Burdened Latest messages: You see here 2 food rations. With great effort you move the boulder. The boulder falls into and plugs a hole in the floor! The lynx just misses! The lynx hits! The lynx bites! You hit the lynx! The lynx hits! The lynx hits! The lynx bites! The lynx hits! The lynx hits! The lynx misses! You hit the lynx! The lynx hits! The lynx hits! The lynx bites! Are you sure you want to pray? [yn] (n) y You begin praying to Chih Sung-tzu. You are surrounded by a shimmering light. The lynx starts to attack you, but pulls back. The lynx starts to attack you, but pulls back. You finish your prayer. You feel that Chih Sung-tzu is well-pleased. You feel much better. You hit the lynx! The lynx hits! The lynx hits! The lynx bites! You kill the lynx! With great effort you move the boulder. With great effort you move the boulder. You try to move the boulder, but in vain. You are carrying too much to get through. You try to move the boulder, but in vain. Really save? [yn] (n) y Saving... Restoring save file... Hello Gandelf, the human Monk, welcome back to NetHack! You are lucky! Full moon tonight. Your movements are slowed slightly because of your load. You try to move the boulder, but in vain. Unix NetHack Version 3.7.0-50 Work-in-progress - last build Feb 16 2022 05:10:45. Double rush prefix, canceled. The fire command does not accept 'g' prefix. Double rush prefix, canceled. With great effort you move the boulder. You see here 2 food rations. The boulder falls into and plugs a hole in the floor! You see here 2 food rations. You see here 2 food rations. There are 2 food rations here; eat one? [ynq] (n) y This satiates your stomach! You finish eating the food ration. You have a little trouble lifting n - a food ration. With great effort you move the boulder. You see here 2 cloves of garlic. With great effort you move the boulder. You try to move the boulder, but in vain. You are carrying too much to get through. You are carrying too much to get through. Really quit? [yn] (n) y Do you want your possessions identified? [ynq] (y) q Major events: Turn 1: Gandelf the neutral male human Monk entered the dungeon 26: killed for the first time 41: entered new level 2, The Dungeons of Doom 183: entered new level 3, The Dungeons of Doom 306: gained experience level 2 308: entered new level 4, The Dungeons of Doom 390: entered new level 5, The Dungeons of Doom 462: attained the rank of Novice (level 3) 635: entered new level 6, The Dungeons of Doom 888: ate for the first time - lichen corpse 1015: gained experience level 4 1153: entered new level 7, The Dungeons of Doom 1255: entered new level 8, The Dungeons of Doom 1285: rejected atheism with a prayer 1302: gained experience level 5 1505: entered new level 4, Sokoban 1505: entered Sokoban 1800: entered new level 3, Sokoban 2253: attained the rank of Initiate (level 6) 2487: entered new level 2, Sokoban Inventory: Coins $ - 446 gold pieces Weapons o - 8 +0 ya w - 8 +0 darts z - a +0 halberd Armor a - an uncursed +2 pair of leather gloves (being worn) b - an uncursed +1 robe (being worn) Comestibles h - 7 uncursed apples W - an uncursed carrot L - an uncursed cream pie g - 5 uncursed food rations n - 2 uncursed food rations j - 2 uncursed fortune cookies i - 5 uncursed oranges R - an uncursed pancake p - 2 uncursed tripe rations X - an uncursed egg Scrolls e - an uncursed scroll of amnesia M - an uncursed scroll of blank paper J - a blessed scroll of destroy armor y - 3 uncursed scrolls of earth Z - an uncursed scroll of enchant armor u - an uncursed scroll of enchant weapon q - 2 uncursed scrolls of food detection d - an uncursed scroll of identify E - an uncursed scroll of identify v - an uncursed scroll of teleportation Spellbooks r - an uncursed spellbook of detect monsters s - an uncursed spellbook of magic missile c - a blessed spellbook of sleep Potions P - a blessed potion of blindness G - an uncursed potion of fruit juice A - an uncursed diluted potion of gain energy D - a cursed potion of gain level x - an uncursed potion of object detection F - an uncursed potion of see invisible C - an uncursed potion of speed m - a potion of holy water f - 3 uncursed potions of water Rings Q - a cursed -1 ring of adornment T - an uncursed ring of poison resistance H - an uncursed ring of searching Wands V - a wand of cancellation (0:6) U - a wand of slow monster (0:6) t - a wand of teleportation (0:8) Tools Y - an uncursed leash k - an uncursed lock pick B - a magic marker (0:74) Gems/Stones l - an uncursed topaz stone I - an uncursed worthless piece of blue glass K - 2 uncursed worthless pieces of orange glass N - an uncursed worthless piece of red glass O - 2 uncursed worthless pieces of yellow glass Gandelf the Monk's attributes: Background: You were an Initiate, a level 6 male human Monk. You were neutral, on a mission for Chih Sung-tzu who was opposed by Shan Lai Ching (lawful) and Huan Ti (chaotic). You were in Sokoban, on level 3. You entered the dungeon 2563 turns ago. There was a full moon in effect when your adventure ended. You had 463 experience points, 177 more were needed to attain level 7. Your score was 2648 before end-of-game adjustments. Basics: You had all 45 hit points. You had all 43 energy points (spell power). Your armor class was 4. Your wallet contained 446 zorkmids. Autopickup was off. Final Characteristics: Your strength was 18/03 (limit:18/100). Your dexterity was 14 (limit:18). Your constitution was 10 (limit:18). Your intelligence was 14 (limit:18). Your wisdom was 12 (limit:18). Your charisma was 7 (limit:18). Final Status: You were satiated. You were burdened; movement was slightly slowed. You were empty handed. You had basic skill with martial arts and could have enhanced that. Final Attributes: You were devoutly aligned. You were sleep resistant. You were poison resistant. You saw invisible. You were stealthy. You were guarded. You were fast. You were lucky. You survived. Miscellaneous: You never encountered a bones level. Total elapsed playing time was 53 minutes and 24 seconds. Vanquished creatures: a lynx 2 ravens a wood nymph a mountain nymph 3 Mordor orcs a rock piercer a fog cloud a guardian naga hatchling a gray ooze 2 elf zombies 4 giant ants a dwarf a homunculus a rabid rat 2 giant bats 3 orc zombies 2 dwarf zombies 2 wererats an iguana an acid blob a coyote 3 cave spiders a yellow mold 2 green molds 3 geckos 5 jackals a fox 2 kobolds a goblin 2 sewer rats 3 grid bugs a bat 3 lichens 4 newts 64 creatures vanquished. No species were genocided or became extinct. Voluntary challenges: You followed a strict vegan diet. You never hit with a wielded weapon. You were illiterate. You never engraved Elbereth. You never genocided any monsters. You never polymorphed an object. You never changed form. You used no wishes. You did not violate any of the special Sokoban rules. Achievements: You attained the rank of Novice. You entered Sokoban. You attained the rank of Initiate. The Dungeons of Doom: levels 1 to 8 Level 1: Level 2: A fountain. Level 3: Level 4: Level 5: Many fountains. Level 6: Stairs up to Sokoban, level 5. Level 7: Level 8: Sokoban: levels 5 up to 3 Level 3: <- You were here. Unsolved. Level 4: Solved. Level 5: Solved. Goodbye Gandelf the Monk... You quit in Sokoban on dungeon level 3 with 2648 points, and 446 pieces of gold, after 2563 moves. You were level 6 with a maximum of 45 hit points when you quit.